 Dungeon Crawl Stone Soup version 0.22-a0-322-g60b3cfd (webtiles) character file.

34 grindst0ne the Charlatan (level 3, -1/27 HPs)
             Began as a Human Artificer on Apr 4, 2018.
             Shot with an arrow by a centaur (2 damage)
             ... on level 2 of the Dungeon.
             The game lasted 00:02:02 (1399 turns).

grindst0ne the Charlatan (Human Artificer)          Turns: 1399, Time: 00:02:03

Health: -1/27      AC:  7    Str: 13    XL:     3   Next: 50%
Magic:  5/5        EV: 11    Int: 11    God:
Gold:   56         SH:  0    Dex: 13    Spells: 2/2 levels left

rFire    . . .     SeeInvis .   q - +0 rapier
rCold    . . .     Gourm    .   (no shield)
rNeg     . . .     Faith    .   g - +0 ring mail
rPois    .         Spirit   .   (no helmet)
rElec    .         Reflect  .   l - +1 cloak
rCorr    .         Harm     .   (no gloves)
MR       .....                  (no boots)
Stlth    +.........             i - amulet of regeneration
HPRegen  0.49/turn              (no ring)
MPRegen  0.09/turn              (no ring)

@: no status effects
A: no striking features
a: no special abilities


You were on level 2 of the Dungeon.
You were not hungry.

You visited 1 branch of the dungeon, and saw 2 of its levels.

You collected 56 gold pieces.

Inventory:

Hand Weapons
 q - a +0 rapier (weapon)
Armour
 b - a +0 leather armour
 g - a +0 ring mail (worn)
 l - a +1 cloak (worn)
Jewellery
 i - an amulet of regeneration (around neck)
Wands
 c - a wand of flame (15)
 d - a wand of enslavement (15)
 e - a wand of random effects (15)
Scrolls
 m - a scroll of fear {unknown}
 o - a scroll of identify {unknown}
Potions
 a - a potion of invisibility {unknown}
 h - 6 potions of curing {unknown}
 j - a potion of magic {unknown}
 k - a potion of heal wounds {unknown}
 p - a potion of might {unknown}
 r - a potion of brilliance {unknown}
 s - a potion of flight {unknown}
Comestibles
 f - 4 rations
 n - a chunk of flesh


   Skills:
 + Level 2.2 Fighting
 - Level 1.0 Short Blades
 - Level 2.0 Dodging
 - Level 1.0 Stealth
 + Level 3.7 Evocations


You had 2 spell levels left.
You didn't know any spells.

Dungeon Overview and Level Annotations

Branches:
Dungeon (2/15)

Altars:


Message History

You kill the hobgoblin!
s - a grey potion You see here a club.
You are feeling hungry.
h - 6 viscous coppery potions (gained 2)
You see here a club.
Eating one of 2 chunks of flesh.
You eat one of the 2 chunks of flesh.
This raw flesh tastes terrible.
A centaur comes into view.
A frilled lizard comes into view.
The centaur shouts!
You hear an angry hiss.
The centaur wields a shortbow.
The centaur shoots an arrow.
The arrow hits you!
The centaur shoots an arrow.
The arrow hits you!
The frilled lizard hisses angrily.
You see here 2 arrows.
The centaur shoots an arrow.
The arrow hits you!
* * * LOW HITPOINT WARNING * * *
You see here an arrow.
The centaur shoots an arrow.
The arrow hits you.
You die...

..... #.#
#.###.#
..l...##.#
#.# #)#
..c....c.#
#.# #.#
#.....##.#
#.# #.#
#.... #.#
#.# #.# #...
#.# #.# #.#
########.#
#.# #.#
#....#(# #.#
#..
#....#@#####
#.# ###
#..........#
#.#
####.#.#.###
#.#####
#)..#.#
##.)....
#.....#
###.......
#....###
#....#####
#......#
#....#
###......#
#....#
##........#
#....#


You could see a centaur.

Vanquished Creatures
  A gnoll (D:1)
  An ooze (D:1)
  A leopard gecko (D:1)
  A giant cockroach (D:2)
  3 goblins
  2 hobgoblins (D:2)
  3 kobolds (D:2)
  3 bats
  A frilled lizard (D:1)
  4 rats (D:1)
20 creatures vanquished.

Notes
Turn   | Place    | Note
-------+----------+-------------------------------------------
     0 | D:1      | grindst0ne the Human Artificer began the quest for the Orb.
     0 | D:1      | Reached XP level 1. HP: 15/15 MP: 3/3
   307 | D:1      | Reached XP level 2. HP: 21/21 MP: 4/4
   639 | D:1      | Reached XP level 3. HP: 23/27 MP: 5/5
  1393 | D:2      | Noticed a centaur
  1398 | D:2      | HP: 1/27 [centaur/arrow (12)]
  1399 | D:2      | Shot with an arrow by a centaur

Vault maps used:
D:1:      dpeg_arrival_line_fractal, corexii_item_surrounded_by_moat
D:2:      tso_oasis_becter

Skill      XL: |  1  2 |
---------------+-------+-----
Fighting       | 2 |  2.2
Short Blades   | |  1.0
Dodging        | |  2.0
Stealth        | |  1.0
Evocations     | |  3.7

Action                   || total
-------------------------++-------
Melee: Short sword       ||    69
       Rapier            ||    19
  Use: Scroll            ||     1
  Eat: Chunk             ||     2
Armor: Ring mail         ||    32
Dodge: Dodged            ||    42

Table legend:
 A = Spawn XP
 B = Non-spawn XP
 C = Spawn XP percentage of total XP
 D = Spawn monster count
 E = Non-spawn monster count
 F = Spawn count percentage of total count
 G = Total turns spent on level
                    A         B        C        D         E        F      G
               +---------+---------+-------+---------+---------+-------+---------
         Total |       0 |      49 |   0.0 |       0 |      20 |   0.0 |  1399
               +---------+---------+-------+---------+---------+-------+---------
           D:1 |       0 |      33 |   0.0 |       0 |      11 |   0.0 |  1029
           D:2 |       0 |      16 |   0.0 |       0 |       9 |   0.0 |   370
               +---------+---------+-------+---------+---------+-------+---------
